 Dungeon Crawl Stone Soup version 0.29-a0-830-gcb1280458a (webtiles) character file.

Game seed: 2159534885770448926

115 hquester1 the Shield-Bearer (level 4, 0/45 HPs)
             Began as a Troll Fighter on July 11, 2022.
             Slain by a gnoll
             ... wielding a +0 flail
              (10 damage)
             ... on level 2 of the Dungeon.
             The game lasted 00:04:20 (1110 turns).

hquester1 the Shield-Bearer (Troll Fighter)         Turns: 1110, Time: 00:04:20

Health: 0/45       AC:  5    Str: 24    XL:     4   Next: 68%
Magic:  3/3        EV:  9    Int:  4    God:
Gold:   141        SH:  7    Dex: 11    Spells: 3/3 levels left

rFire   . . .      SeeInvis .     - Unarmed
rCold   . . .      Faith    .   b - +0 kite shield
rNeg    . . .      Spirit   .   a - +0 robe
rPois   .          Reflect  .   (helmet restricted)
rElec   .          Harm     .   g - +0 cloak
rCorr   .          Rampage  .   (gloves unavailable)
Will    .....                   (boots unavailable)
Stlth   +.........              e - amulet of the acrobat
HPRegen 0.95/turn               n - ring of flight
MPRegen 0.08/turn               (no ring)

@: flying
A: large, unfitting armour, claws 3, regeneration 1, shaggy fur 1, tough skin 1
a: no special abilities


You were on level 2 of the Dungeon.
You visited 1 branch of the dungeon, and saw 2 of its levels.

You collected 141 gold pieces.

Inventory:

Hand Weapons
 k - a +4 short sword
 p - a +0 war axe
Missiles
 h - 25 stones (quivered)
Armour
 a - a +0 robe (worn)
 b - a +0 kite shield (worn)
 g - a +0 cloak (worn)
Jewellery
 e - an amulet of the acrobat (around neck)
 f - a ring of fire
 n - a ring of flight (left claw)
Scrolls
 i - a scroll of fear {unknown}
 l - a scroll of identify {unknown}
 m - a scroll of teleportation {unknown}
Potions
 c - 2 potions of might
 d - 2 potions of ambrosia {unknown}
 j - a potion of curing {unknown}
 o - a potion of flight {unknown}


   Skills:
 * Level 3.1 Fighting
 + Level 0.9 Throwing
 + Level 1.0 Armour
 + Level 2.9 Dodging
 + Level 3.1 Shields
 + Level 2.6 Unarmed Combat


You had 3 spell levels left.
You didn't know any spells.
Your spell library contained the following spells:

 Spells                   Type           Power      Damage    Failure   Level
 Apportation              Tloc           0%         N/A       80%         1
 Confusing Touch          Hex            0%         N/A       99%         3
 Conjure Flame            Conj/Fire      0%         6-21      99%         3
 Ignite Poison            Fire/Tmut/Pois 0%         N/A       99%         3
 Sticky Flame             Conj/Fire      0%         2d3       100%        4
 Alistair's Intoxication  Tmut/Pois      0%         N/A       100%        5
 Yara's Violent Unravell  Hex/Tmut       0%         3d3       100%        5
 Enfeeble                 Hex            0%         N/A       100%        7


Dungeon Overview and Level Annotations

Branches:
Dungeon (2/15)

Altars:


Innate Abilities, Weirdness & Mutations

You are too large for most types of armour.
You have claws for hands.
Your natural rate of healing is unusually fast.
You are covered in fur. (AC +1)
You have tough skin. (AC +1)


Message History

The gnoll is heavily wounded.
The gnoll hits you from afar with a +0 spear.
* * * LOW HITPOINT WARNING * * *
The gnoll hits you with a +0 whip.
* * * LOW HITPOINT WARNING * * *
You scratch the gnoll.
The gnoll is severely wounded.
You block the gnoll's attack. The gnoll hits you with a +0 whip.
* * * LOW HITPOINT WARNING * * *
You scratch the gnoll but do no damage.
The gnoll is severely wounded.
You block the gnoll's attack. The gnoll barely misses you.
You barely miss the gnoll.
The gnoll is severely wounded.
You block the gnoll's attack. The gnoll completely misses you.
The gnoll hits you with a +0 whip.
* * * LOW HITPOINT WARNING * * *
You block the gnoll's attack.
You claw the gnoll!
You kill the gnoll!
The gnoll hits you from afar with a +0 spear.
* * * LOW HITPOINT WARNING * * *
The gnoll completely misses you.
Things that are here:
a +0 whip; a gnoll corpse You scratch the gnoll.
The gnoll is heavily wounded.
You block the gnoll's attack.
You claw the gnoll!
You kill the gnoll!
You barely miss the gnoll. You block the gnoll's attack.
You scratch the gnoll but do no damage. The gnoll barely misses you.
You claw the gnoll!
The gnoll is heavily wounded.
The gnoll hits you with a +0 flail.
* * * LOW HITPOINT WARNING * * *
You completely miss the gnoll.
The gnoll is heavily wounded.
The gnoll hits you with a +0 flail!
You die...

###### ...?.#
.....# g....#
.....#
######.....##
#..@g........
#.###########
###.#########
#..>.........
#....########
#....#
######....###
#...........#
#.####....#.#


You could see a gnoll.

Vanquished Creatures
  An orc priest (D:2)
  2 gnolls (D:2)
  3 adders (D:2)
  A worm (D:2)
  2 orcs (D:2)
  4 ball pythons
  7 endoplasms
  5 goblins
  4 hobgoblins
  A quokka (D:1)
  2 frilled lizards
  3 kobolds
  A rat (D:1)
36 creatures vanquished.

Notes
Turn   | Place    | Note
-------+----------+-------------------------------------------
     0 | D:1      | hquester1 the Troll Fighter began the quest for the Orb.
     0 | D:1      | Reached XP level 1. HP: 22/22 MP: 0/0
    98 | D:1      | Reached XP level 2. HP: 28/29 MP: 1/1
   852 | D:2      | Reached XP level 3. HP: 36/36 MP: 2/2
  1032 | D:2      | Reached skill level 1 in Armour
  1032 | D:2      | Reached XP level 4. HP: 44/45 MP: 3/3
  1110 | D:2      | Slain by a gnoll

Illustrated notes

Levels and vault maps discovered:
D:1:      dpeg_arrival_lava_altar, layout_rooms
D:2:      kennysheep_six_static_rooms, layout_basic, basic_ecumenical_altar

Skill      XL: |  1  2  3 |
---------------+----------+-----
Shields        | 3 |  3.1
Fighting       | 3 |  3.1
Armour         | 1 |  1.0
Throwing       | |  0.9
Dodging        | |  2.9
Unarmed Combat | |  2.6

Action                   |  1- 3 |  4- 6 || total
-------------------------+-------+-------++-------
Melee: Unarmed           |    89 |    17 ||   106
Armor: Robe              |    16 |     1 ||    17
Dodge: Dodged            |    26 |     7 ||    33
Block: Kite shield       |    26 |     7 ||    33

Table legend: (Time is in decaauts)
 A = Elapsed time spent in this place.
 B = Non-inter-level travel time spent in this place.
 C = Inter-level travel time spent in this place.
 D = Time resting spent in this place.
 E = Time spent auto-exploring this place.
 F = Levels seen in this place.
 G = Mean time per level.
                   A        B        C        D        E       F      G
               +--------+--------+--------+--------+--------+-----+--------+
         Total |   1119 |   1094 |     25 |      0 |    801 |   2 |  559.5 |
       Dungeon |   1119 |   1094 |     25 |      0 |    801 |   2 |  559.5 |
               +--------+--------+--------+--------+--------+-----+--------+

Top non-repeatable levels by time:
     D:2: 583 daAuts
     D:1: 536 daAuts
